 Dungeon Crawl Stone Soup version 0.17-a0-1582-ge6b0260 (webtiles) character file.

196 wvc the Sneak (level 5, 0/25 HPs)
             Began as a Spriggan Artificer on July 27, 2015.
             Slain by a bat (1 damage)
             ... summoned by Eustachio
             ... on level 4 of the Dungeon.
             The game lasted 00:08:17 (3796 turns).

wvc the Sneak (Spriggan Artificer)                  Turns: 3796, Time: 00:08:17

Health: 0/25       AC:  2    Str:  7    XL:     5   Next: 46%
Magic:  9/9        EV: 19    Int: 13    God:
Gold:   166        SH:  0    Dex: 18    Spells: 0 memorised, 4 levels left

rFire  . . .     SeeInvis +     a - +0 short sword
rCold  . . .     Clarity  .     j - +0 robe
rNeg   . . .     SustAt   +     (shield restricted)
rPois  .         Gourm    .     (helmet restricted)
rElec  .         Spirit   .     (no cloak)
rCorr  .         Warding  .     (gloves unavailable)
rMut   .         Stasis   .     (boots unavailable)
MR     .....                    (no amulet)
Stlth  ++++......               (no ring)
                                t - ring of sustain attributes

@: very quick, not resistant to hostile enchantments, stealthy
A: unfitting armour, see invisible, herbivore 3, speed 3, slow metabolism 2
a: no special abilities


You were on level 4 of the Dungeon.
You were not hungry.

You visited 1 branch of the dungeon, and saw 4 of its levels.

You collected 166 gold pieces.

Inventory:

Hand weapons
 a - a +0 short sword (weapon)
 b - a +0 blowgun
 g - a +0 hunting sling
 h - a +0 dagger
 o - a +2 whip of venom
Missiles
 m - 3 tomahawks (quivered)
 p - 23 poisoned needles
Armour
 j - a +0 robe (worn)
Jewellery
 t - a ring of sustain attributes (left hand)
Magical devices
 c - a wand of flame (8)
 d - a wand of enslavement (11)
 e - a wand of random effects (12)
 s - a wand of polymorph (6)
Scrolls
 k - a scroll of magic mapping
Potions
 i - 3 potions of haste
 l - a potion of might {unknown}
 n - a potion of mutation {unknown}
 q - a potion of curing {unknown}
 r - a potion of ambrosia {unknown}
 u - 3 potions of heal wounds {unknown}
 v - a potion of resistance {unknown}
Comestibles
 f - 7 bread rations


   Skills:
 - Level 0.7 Fighting
 * Level 2.5 Short Blades
 - Level 3.7 Dodging
 * Level 6.7 Stealth
 + Level 4.7 Evocations


You had 4 spell levels left.
You didn't know any spells.

Dungeon Overview and Level Annotations

Branches:
Dungeon (4/15)
 Temple: D:4-7

Altars:
Elyvilon

Annotations:
D:3 exclusion: door, patman's ghost, average GrBe
D:4 Eustachio


Innate Abilities, Weirdness & Mutations

You are tiny and cannot use many weapons and most armour.
You have supernaturally acute eyesight.
You are a herbivore.
You cover ground extremely quickly.
You need consume almost no food.


Message History

Press: ? - help, Shift-Dir - straight line, f - Eustachio, p - shadow imp
Aim: Eustachio, wielding a falchion of freezing and wearing a leather armour (moderately wounded)
The bolt of fire hits Eustachio.
Eustachio is severely wounded.
This wand has 14 charges left.
The bat barely misses you. The river rat bites you.
* * * LOW HITPOINT WARNING * * *
Evoke which item? (* to show all) (? for menu, Esc to quit)
Zapping:
e - a wand of random effects (14)
Press: ? - help, Shift-Dir - straight line, f/p - Eustachio
Aim: Eustachio, wielding a falchion of freezing and wearing a leather armour (severely wounded) Eustachio resists with significant effort.
This wand has 13 charges left.
The bat misses you. The river rat closely misses you.
Evoke which item? (* to show all) (? for menu, Esc to quit)
Zapping:
e - a wand of random effects (13)
Press: ? - help, Shift-Dir - straight line, f/p - Eustachio
Aim: Eustachio, wielding a falchion of freezing and wearing a leather armour (severely wounded) Nothing appears to happen.
This wand has 12 charges left.
The bat hits you.
You die...

#..........#.##...#
#....[...)......#.#
#............####..
............### ###
###........## #
###+###b....# #
#.....#.....# #
#.#@#.#.....#
+..@b5r5..>.#
#.#r#5#....[#
#.....#....##
###+###...## ..###
###


You could see Eustachio, a crimson imp, 2 river rats, a shadow imp, an ufetubus
and a bat.

Vanquished Creatures
  An ogre (D:4)
  A worker ant (D:4)
  An adder (D:3)
  An ooze (D:3)
  3 orcs (D:3)
  4 giant cockroaches
  5 goblins
  10 hobgoblins
  7 jackals (D:1)
  7 bats
  3 giant newts
  14 kobolds
  3 quokkas (D:2)
  9 rats
69 creatures vanquished.

Vanquished Creatures (others)
  A giant gecko skeleton (D:4)
1 creature vanquished.

Grand Total: 70 creatures vanquished

Notes
Turn   | Place    | Note
--------------------------------------------------------------
     0 | D:1      | wvc the Spriggan Artificer began the quest for the Orb.
     0 | D:1      | Reached XP level 1. HP: 9/9 MP: 4/4
   519 | D:1      | Reached XP level 2. HP: 14/14 MP: 6/6
  1661 | D:1      | Reached XP level 3. HP: 14/17 MP: 7/7
  3072 | D:3      | Reached XP level 4. HP: 21/21 MP: 8/8
  3074 | D:3      | Noticed patman's ghost (average GrBe)
  3406 | D:4      | Noticed an ogre
  3414 | D:4      | Killed an ogre
  3414 | D:4      | Reached skill level 6 in Stealth
  3414 | D:4      | Reached XP level 5. HP: 3/25 MP: 9/9
  3767 | D:4      | Noticed Eustachio
  3785 | D:4      | Found a white marble altar of Elyvilon.
  3794 | D:4      | HP: 1/25 [river rat[Eustachio] (6)]
  3796 | D:4      | Slain by a bat

Vault maps used:
D:1:      lightli_arrival_statue_moat, feat_on_display
D:3:      first_bread
D:4:      kennysheep_little_box, kennysheep_mini, makhleb_heckhound_becter,
          uniq_eustachio

Action                   |  1- 3 |  4- 6 || total
-------------------------+-------+-------++-------
Melee: Short sword       |   159 |    38 ||   197
       Whip              |    19 |       ||    19
Evoke: Wand              |     5 |     9 ||    14
  Use: Scroll            |     6 |     1 ||     7
 Stab: Sleeping          |    11 |     6 ||    17
  Eat: Pizza             |       |     1 ||     1
